Map: Flooded City

Players

Metasapien

  • Race: Zerg Zerg
  • League: Platinum
  • Spawn Location: 12:00

Kswiss

  • Race: Protoss Protoss
  • League: Silver
  • Spawn Location: 12:00

zaku

  • Race: Terran Terran
  • League: Gold
  • Spawn Location: 6:00

Apotheosis

  • Race: Protoss Protoss
  • League: Gold
  • Spawn Location: 6:00

VOD

Have the link to the VOD?

Description

Time

  • Played on: Sept. 22, 2017, 11:37 p.m.
  • Length: 13:20
Show
View Real Time Build Order
Export as new Build Order

Metasapien Zerg 

Build Orders: Pool First 

Get SALT Encoding   

  12  0:01  Drone  
  13  0:24  Spawning Pool  
  13  0:26  Drone  
  13  0:31  Extractor  
  13  0:34  Drone  
  13  0:45  Overlord  
  13  0:53  Drone  
  14  1:05  Drone  
  15  1:13  Drone  
  15  1:14  Drone  
  17  1:35  Zergling x2  
  17  1:36  Zergling x2  
  19  1:49  Zergling x2  
  20  2:04  Overlord  
  20  2:13  Metabolic Boost, Hatchery  
  20  2:22  Drone  
  20  2:23  Drone  
  20  2:24  Queen  
  23  2:33  Drone  
  24  2:42  Drone  
  24  2:43  Roach Warren  
  23  3:10  Drone  
  23  3:11  Drone x2  
  26  3:17  Spine Crawler  
  25  3:22  Zergling x2  
  25  3:34  Overlord, Extractor  
  25  3:38  Zergling x2  
  25  3:39  Roach  
  27  3:46  Queen  
  27  3:47  Drone  
  30  3:58  Lair  
  30  4:03  Spore Crawler  
  30  4:05  Drone  
  30  4:15  Drone  
  31  4:26  Pneumatized Carapace  
  31  4:27  Drone  
  31  4:28  Drone  
  33  4:39  Drone x3  
  33  4:40  Drone x2  
  33  4:44  Roach x2  
  42  4:51  Drone  
  42  4:52  Overlord  
  43  4:54  Overlord  
  43  5:03  Spore Crawler  
  43  5:05  Drone  
  39  5:28  Drone x6, Queen  
  44  5:43  Hydralisk Den  
  44  5:49  Ravager  
  44  6:15  Hydralisk x2  
  44  6:16  Hydralisk  
  50  6:20  Hydralisk x2  
  50  6:21  Hydralisk x3  
  50  6:22  Overlord x2  
  50  6:24  Overlord x2  
  60  6:28  Drone  
  57  6:36  Drone  
  54  6:46  Drone  
  41  6:59  Hydralisk  
  41  7:00  Roach, Hydralisk x2  
  41  7:01  Roach x2  
  47  7:03  Roach  
  37  7:33  Hydralisk x2  
  37  7:34  Roach  
  31  8:04  Hatchery  
  30  8:08  Drone  
  30  8:09  Drone  
  32  8:15  Drone  
  33  8:24  Drone  
  34  8:28  Drone  
  34  8:29  Drone  
  36  8:41  Evolution Chamber  
  35  8:50  Evolution Chamber  
  35  8:54  Drone x2  
  36  8:57  Drone  
  36  9:00  Drone  
  38  9:16  Queen  
  38  9:17  Drone  
  41  9:27  Drone  
  41  9:30  Drone  
  41  9:31  Drone x2  
  45  9:33  Drone  
  45  9:38  Drone  
  47  9:42  Drone  
  48  9:49  Drone  
  49  9:53  Extractor  
  48  10:02  Extractor  
  47  10:08  Spore Crawler  
  47  10:09  Spore Crawler  
  40  10:15  Drone x2  
  40  10:25  Drone  
  41  10:30  Hydralisk x3  
  41  10:31  Hydralisk x3  
  53  10:36  Queen  
  53  10:39  Drone  
  56  10:43  Drone  
  56  10:45  Drone  
  58  10:56  Zerg Missile Weapons Level 1  
  58  11:00  Muscular Augments  
  58  11:03  Drone  
  59  11:12  Drone  
  59  11:14  Drone x3  
  63  11:28  Hydralisk x3  
  63  11:31  Roach x2  
  73  11:51  Hydralisk x2  
  73  11:52  Roach x3, Hydralisk  
  81  12:05  Zergling x8  
  81  12:06  Zergling x4  
  87  12:18  Overlord x2  
  57  12:39  Roach, Hydralisk x3  
  57  12:40  Roach x3  
Show
View Real Time Build Order
Export as new Build Order

Kswiss Protoss 

Build Orders: Oracle Opening 

Get SALT Encoding   

  12  0:01  Probe (Chrono Boost)  
  13  0:12  Probe (Chrono Boost)  
  14  0:24  Pylon  
  14  0:25  Probe (Chrono Boost)  
  15  0:42  Probe (Chrono Boost)  
  16  0:47  Gateway  
  16  0:52  Forge  
  16  0:58  Probe (Chrono Boost)  
  17  1:11  Assimilator  
  17  1:15  Assimilator  
  17  1:24  Pylon  
  17  1:29  Photon Cannon  
  17  1:30  Probe (Chrono Boost)  
  18  1:59  Zealot  
  18  2:00  Cybernetics Core  
  20  2:09  Photon Cannon  
  20  2:12  Probe (Chrono Boost)  
  21  2:22  Probe (Chrono Boost)  
  22  2:33  Probe (Chrono Boost)  
  23  2:51  Stargate  
  23  3:29  Probe (Chrono Boost), Nexus  
  24  3:34  Oracle (Chrono Boost)  
  24  3:40  Probe  
  28  3:48  Photon Cannon  
  24  4:06  Oracle (Chrono Boost)  
  24  4:28  Stalker  
  24  4:30  Mothership Core  
  28  4:40  Photon Cannon  
  28  4:49  Probe  
  29  4:59  Probe  
  30  5:10  Probe  
  25  5:29  Phoenix (Chrono Boost)  
  25  5:35  Probe  
  28  5:45  Probe  
  29  5:51  Phoenix (Chrono Boost)  
  29  5:56  Probe  
  31  6:02  Stargate  
  32  6:07  Probe  
  33  6:19  Probe  
  34  6:26  Probe  
  34  6:28  Pylon  
  34  6:31  Probe, Pylon  
  36  6:35  Pylon  
  36  6:37  Probe  
  37  6:40  Phoenix (Chrono Boost)  
  39  6:57  Probe  
  40  7:01  Assimilator  
  40  7:05  Assimilator  
  40  7:07  Probe  
  40  7:10  Phoenix (Chrono Boost)  
  43  7:18  Probe  
  42  7:50  Phoenix (Chrono Boost)  
  46  7:54  Phoenix (Chrono Boost)  
  46  7:56  Stargate  
  46  8:00  Probe  
  47  8:11  Probe  
  48  8:22  Probe  
  48  8:23  Protoss Air Weapons Level 1  
  48  8:26  Phoenix x2 (Chrono Boost)  
  53  8:29  Protoss Shields Level 1 (Chrono Boost)  
  53  8:32  Probe  
  54  8:36  Probe  
  55  8:43  Probe, Phoenix  
  59  8:48  Probe  
  59  8:53  Probe  
  60  9:01  Phoenix x2  
  64  9:04  Probe  
  65  9:14  Probe  
  66  9:17  Pylon  
  66  9:20  Pylon  
  66  9:32  Nexus  
  66  9:45  Fleet Beacon  
  66  9:48  Phoenix x2  
  70  9:58  Phoenix  
  72  10:06  Pylon  
  72  10:15  Stargate  
  72  10:28  Phoenix x3  
  76  10:29  Protoss Air Armor Level 1 (Chrono Boost)  
  76  10:31  Anion Pulse-Crystals  
  78  11:03  Twilight Council  
  78  11:09  Pylon  
  78  11:10  Pylon  
  78  11:13  Pylon  
  78  11:20  Pylon  
  78  11:25  Phoenix x3  
  80  11:26  Phoenix  
  86  11:36  Probe  
  87  11:41  Assimilator  
  87  11:43  Assimilator  
  87  11:46  Probe  
  77  11:57  Probe  
  75  12:19  Probe, Pylon  
  72  12:30  Probe  
  69  12:40  Probe  
  52  12:51  Probe  
  24  13:01  Probe  
Show
View Real Time Build Order
Export as new Build Order

zaku Terran 

Build Orders: Liberator Opening, MMM Bio 

Get SALT Encoding   

  12  0:03  SCV  
  13  0:15  SCV  
  13  0:20  Supply Depot  
  14  0:27  SCV  
  15  0:31  Refinery  
  15  0:42  SCV  
  16  0:50  Barracks  
  16  0:54  SCV  
  17  1:03  Refinery  
  17  1:06  SCV  
  18  1:20  SCV  
  18  1:21  Supply Depot  
  19  1:32  SCV  
  20  1:40  Reaper  
  20  1:44  SCV  
  22  1:49  Factory  
  21  2:01  Orbital Command  
  21  2:30  SCV  
  21  2:31  Barracks Tech Lab  
  21  2:34  Engineering Bay  
  21  2:35  Factory Tech Lab  
  22  2:42  SCV  
  23  3:05  SCV  
  23  3:06  Marine  
  23  3:12  Starport  
  25  3:17  SCV  
  26  3:26  Siege Tank, Marine  
  29  3:30  SCV  
  29  3:31  Supply Depot  
  30  3:40  Liberator  
  30  3:42  Command Center, SCV  
  31  3:53  Marine  
  31  3:54  Missile Turret, SCV  
  36  4:06  SCV  
  36  4:11  Marine  
  37  4:18  SCV  
  37  4:19  Stimpack  
  38  4:27  Barracks  
  38  4:28  Marine  
  39  4:36  Supply Depot  
  39  4:44  Starport Reactor  
  39  4:53  SCV, Marine  
  39  4:56  Supply Depot  
  41  5:06  SCV  
  41  5:12  Marine  
  42  5:15  Widow Mine  
  42  5:18  SCV  
  42  5:33  SCV  
  42  5:34  Orbital Command  
  43  5:35  Barracks Reactor  
  43  5:36  Marine  
  43  5:37  Medivac  
  46  5:42  Orbital Command  
  46  5:45  SCV  
  47  5:52  Siege Tank  
  47  5:54  Marine  
  51  5:57  SCV  
  52  6:09  SCV  
  53  6:12  Marine x2  
  55  6:25  SCV  
  56  6:34  Marine x3  
  56  6:35  Missile Turret, Siege Tank  
  56  6:38  SCV  
  63  6:44  Supply Depot  
  63  6:45  Supply Depot  
  60  6:47  Medivac  
  60  6:50  SCV  
  63  6:55  Refinery, Marine x3  
  63  6:56  Refinery  
  63  6:57  Missile Turret  
  63  7:01  Supply Depot  
  66  7:02  SCV  
  67  7:11  SCV  
  67  7:13  Marine  
  67  7:14  SCV, Marine x2  
  72  7:23  SCV  
  72  7:25  Terran Infantry Weapons Level 1  
  72  7:28  Barracks x2  
  73  7:30  Combat Shields, Barracks  
  67  7:47  Marine  
  67  7:48  Marine x2  
  67  7:49  Medivac  
  67  7:50  SCV x2  
  74  8:02  SCV  
  74  8:05  Marine  
  75  8:09  Marine x2  
  75  8:10  Siege Tank, SCV  
  82  8:16  SCV  
  82  8:19  Barracks Reactor x2  
  83  8:20  Barracks Tech Lab  
  83  8:23  SCV, Marine  
  85  8:48  Marine  
  85  8:49  Marine x3  
  85  8:51  Refinery, Medivac  
  91  8:56  Concussive Shells, Command Center  
  91  8:57  SCV x2  
  91  9:00  Refinery  
  93  9:03  Marine  
  93  9:04  Armory x2, Engineering Bay  
  94  9:11  Supply Depot  
  94  9:12  Supply Depot  
  94  9:21  Marine x2  
  94  9:22  Siege Tank, Marauder, SCV x2, Marine x4  
  107  9:28  Marine  
  108  9:33  Medivac  
  108  9:34  Medivac, SCV  
  108  9:38  SCV  
  114  9:39  Marine x2  
  114  9:40  Marauder  
  118  9:46  SCV  
  118  9:49  Sensor Tower  
  119  9:53  Missile Turret  
  119  9:57  Marine x3  
  119  9:58  Marauder, Marine  
  125  10:03  Missile Turret  
  125  10:08  Supply Depot x2  
  125  10:25  Missile Turret  
  125  10:33  SCV  
  125  10:34  SCV, Marine x2  
  125  10:35  Marauder, Marine x5  
  134  10:38  Siege Tank  
  134  10:39  Medivac x2  
  143  10:45  SCV  
  143  10:46  Orbital Command, SCV  
  145  10:52  Marine x2  
  145  10:56  Marine x4  
  151  10:58  SCV  
  151  11:02  Terran Infantry Weapons Level 2  
  151  11:03  Terran Infantry Armor Level 1  
  152  11:04  Terran Vehicle And Ship Armor Level 1  
  152  11:17  Terran Vehicle Weapons Level 1  
  152  11:46  Marauder, Marine x3  
  157  11:53  Supply Depot  
  157  11:58  Supply Depot  
  157  11:59  Supply Depot  
  157  12:00  Supply Depot  
  157  12:13  Supply Depot  
  157  12:14  Supply Depot  
  157  12:15  Medivac x2, Marauder x2  
  165  12:16  Supply Depot  
  165  12:19  Siege Tank, SCV x2, Marine x3  
  165  12:20  Marine x2  
  169  12:33  Marine  
  169  12:36  Marine  
  169  12:37  Marauder  
  152  12:45  Marine x5  
  153  12:54  Marauder  
Show
View Real Time Build Order
Export as new Build Order

Apotheosis Protoss 

Build Orders: Oracle Opening 

Get SALT Encoding   

  12  0:01  Probe (Chrono Boost)  
  13  0:14  Probe (Chrono Boost)  
  14  0:19  Pylon  
  14  0:24  Probe (Chrono Boost)  
  15  0:37  Probe (Chrono Boost)  
  15  0:38  Gateway  
  16  0:44  Assimilator  
  16  0:48  Probe (Chrono Boost)  
  17  0:57  Assimilator  
  17  0:59  Probe (Chrono Boost)  
  18  1:04  Pylon  
  18  1:09  Probe (Chrono Boost)  
  19  1:20  Probe (Chrono Boost)  
  19  1:25  Cybernetics Core  
  20  1:30  Probe (Chrono Boost)  
  21  1:41  Probe (Chrono Boost)  
  22  2:02  Stargate  
  22  2:03  Warp Gate (Chrono Boost)  
  22  2:04  Stalker (Chrono Boost)  
  24  2:11  Pylon  
  24  2:19  Mothership Core  
  26  2:46  Oracle (Chrono Boost)  
  26  2:50  Forge  
  29  2:59  Gateway  
  29  3:29  Nexus  
  29  3:34  Void Ray  
  33  3:41  Pylon  
  33  4:14  Probe  
  34  4:23  Stalker x2  
  38  4:29  Probe  
  39  4:32  Photon Cannon  
  39  4:35  Gateway  
  39  4:39  Pylon  
  39  4:43  Probe  
  39  4:45  Twilight Council  
  40  4:49  Probe  
  41  4:55  Probe  
  41  4:59  Probe  
  42  5:04  Sentry  
  46  5:07  Probe  
  46  5:12  Probe  
  46  5:18  Assimilator  
  46  5:19  Probe  
  47  5:23  Blink (Chrono Boost)  
  47  5:26  Probe  
  48  5:33  Probe  
  48  5:34  Assimilator  
  49  5:38  Probe  
  50  5:50  Probe  
  50  5:51  Stalker  
  50  5:53  Stalker x2  
  50  5:56  Probe  
  58  6:02  Probe  
  55  6:18  Stalker x2  
  55  6:19  Stalker  
  55  6:22  Probe x2  
  63  6:26  Photon Cannon  
  63  6:27  Protoss Ground Weapons Level 1 (Chrono Boost)  
  63  6:35  Probe x2  
  63  6:39  Pylon  
  65  6:47  Probe x2  
  67  6:59  Probe x2  
  67  7:00  Stalker x2  
  67  7:01  Stalker  
  75  7:05  Gateway  
  75  7:16  Probe x2  
  75  7:22  Pylon  
  63  7:46  Nexus, Stalker x3  
  69  7:51  Pylon  
  69  7:57  Forge  
  71  8:01  Pylon  
  71  8:03  Robotics Facility  
  69  8:13  Pylon  
  69  8:15  Photon Cannon  
  69  8:16  Gateway  
  69  8:18  Protoss Ground Weapons Level 2 (Chrono Boost)  
  69  8:34  Probe x2  
  71  8:35  Protoss Ground Armor Level 1 (Chrono Boost)  
  71  8:47  Probe  
  71  8:48  Probe  
  73  8:50  Stalker x2  
  73  8:51  Stalker x2  
  73  8:53  Observer (Chrono Boost)  
  82  9:00  Probe  
  83  9:04  Robotics Bay  
  83  9:11  Probe, Observer  
  83  9:12  Probe x2  
  87  9:21  Pylon  
  87  9:23  Assimilator  
  87  9:29  Observer  
  87  9:32  Assimilator  
  87  9:33  Pylon  
  88  9:43  Colossus  
  88  9:51  Extended Thermal Lance  
  94  9:55  Sentry x2  
  94  9:59  Stalker  
  100  10:00  Stalker  
  100  10:01  Stalker  
  104  10:23  Stalker x2  
  104  10:24  Stalker x3  
  111  10:29  Colossus  
  111  10:35  Protoss Ground Armor Level 2 (Chrono Boost), Protoss Ground Weapons Level 3 (Chrono Boost)  
  117  10:49  Pylon  
  117  10:53  Nexus, Photon Cannon  
  117  10:56  Photon Cannon  
  117  11:12  Pylon  
  117  11:16  Colossus  
  117  11:17  Pylon, Gateway  
  117  11:21  Pylon  
  117  11:23  Sentry  
  125  11:35  Dark Shrine  
  125  11:59  Stalker x4  
  125  12:00  Stalker  
  135  12:12  Assimilator  
  135  12:14  Assimilator  
  135  12:16  Photon Cannon  
  135  12:19  Photon Cannon  
  127  13:03  Stalker x5  
Tags
 
Add a new tag
Caveats
  • Supply blocks, unpowered buildings, or Contaminate may cause inaccurate times.
  • Supply counts are checked every 10 seconds.